[Event "Rosh Hashanah Rapid 2022"]
[Site "Ramat Gan"]
[Date "2022.09.25"]
[Round "4.1"]
[White "Mindlin, Alon"]
[Black "Zanan, Evgeny"]
[Result "1-0"]
[ECO "E59"]
[WhiteElo "2426"]
[BlackElo "2485"]
[Annotator "TA"]
[PlyCount "69"]
[EventDate "2022.09.25"]
[EventType "rapid"]
[EventCountry "ISR"]
[SourceTitle "playchess.com"]
[Source "ChessBase"]
[SourceQuality "1"]
[TimeControl "900+5"]

1. d4 Nf6 2. c4 e6 3. Nc3 Bb4 4. e3 O-O 5. Bd3 d5 6. Nf3 dxc4 7. Bxc4 c5 8. O-O Nc6 9. a3 Bxc3 10. bxc3 Qc7 11. Bb2 e5 12. h3 Bf5 {[%emt 0:00:42] E59: Nimzo-Indian: Rubinstein: Main Line: 7...Nc6 8 a3 Bxc3 9 bxc3 dxc4.} 13. Bb5 (13. dxc5 Na5 14. Qe2 Nxc4 15. Qxc4 Be6 $15) 13... e4 14. Nd2 Rad8 {[%emt 0:00:28] The position is equal.} 15. Qe2 a6 16. Bxc6 {[%emt 0:00:12] Strongly threatening Ba4.} Qxc6 17. c4 Rfe8 18. d5 Qd6 {[%emt 0:00:05][%cal Ob7b5] [#]} 19. f4 $146 ({Predecessor:} 19. Rfd1 Bg6 20. Nf1 Bh5 21. g4 Bg6 22. Ng3 Nd7 23. a4 a5 24. Rab1 b6 25. Bc3 {½-½ (40) Rau,M (2289)-Packroff,H (2201) ICCF email 2012}) 19... b5 (19... exf3 $1 $11 20. Rxf3 Bg6) 20. Be5 $16 {[%emt 0:00:17] White leaves nothing to chance now.} (20. cxb5 Nxd5 21. bxa6 Qb6 $15) 20... Rxe5 21. fxe5 Qxe5 22. cxb5 axb5 23. a4 $1 ({Reject} 23. Qxb5 $6 Bxh3 $1 24. Ra2 Qxd5 $11) 23... Qxd5 (23... Ra8 $142) 24. axb5 {[%emt 0:00:16] Threatens to win with Nc4.} Be6 25. Rfd1 Rb8 26. Rab1 c4 27. b6 Qc6 28. b7 Rxb7 (28... c3 $16 29. Rdc1 h6) 29. Rxb7 $18 Qxb7 {[%emt 0:00:01] [#]} 30. Nxe4 $1 {[%emt 0:00:19][%mdl 512] Intending Rd8+ and mate.} Qb6 {[%emt 0:01:26] [#] Against Rd8+} (30... h6 {is tougher.} 31. Rd8+ Kh7) (30... Qc7 31. Qd2) 31. Qb2 $3 Qxe3+ 32. Kh1 {[%emt 0:00:01] Threatening mate with Rd8+.} h6 33. Nxf6+ gxf6 34. Qxf6 {[%emt 0:00:02] White threatens Rd8+ and mate.} Kh7 35. Rd8 {[%emt 0:00:02] Weighted Error Value: White=0.05 (flawless) /Black=0.69} 1-0

[Event "Rosh Hashanah Rapid 2022"]
[Site "Ramat Gan"]
[Date "2022.09.25"]
[Round "4.2"]
[White "Ben Ari, Yannay"]
[Black "Veinberg, Nimrod"]
[Result "1-0"]
[ECO "E43"]
[WhiteElo "2387"]
[BlackElo "2400"]
[Annotator "TA"]
[PlyCount "72"]
[EventDate "2022.09.25"]
[EventType "rapid"]
[EventCountry "ISR"]
[SourceTitle "playchess.com"]
[Source "ChessBase"]
[SourceQuality "1"]
[TimeControl "900+5"]

1. d4 Nf6 2. c4 e6 3. Nc3 Bb4 4. e3 O-O 5. Bd3 c5 6. Nf3 b6 7. O-O Bb7 8. Na4 cxd4 9. exd4 Re8 10. a3 Bf8 11. Bg5 {[%emt 0:00:17] E43: Nimzo-Indian: Rubinstein: 4...b6.} h6 12. Bh4 Bxf3 13. Qxf3 {[%emt 0:00:02] The position is equal.} Nc6 {[%emt 0:00:00] [#]} 14. d5 $146 ({Predecessor:} 14. Qe3 Be7 15. Rfe1 d5 16. c5 e5 17. dxe5 Ng4 18. Bxe7 Rxe7 19. Qg3 Ngxe5 20. Bb5 bxc5 21. Nxc5 Qb6 22. Bxc6 Nxc6 23. Rxe7 {½-½ (23) Chatalbashev,B (2552)-Iordachescu,V (2610) Baden-Baden 2013}) 14... Ne5 15. Qd1 g5 (15... Rc8 $15) 16. Bg3 (16. f4 $1 $14 Nf3+ 17. Qxf3 gxh4 18. dxe6) 16... exd5 17. cxd5 Nxd5 $2 (17... Nxd3 $11 18. Qxd3 Ne4) 18. Be4 $16 {[%emt 0:00:42] This bishop pair is nice.} Nf4 19. Bxa8 Qxa8 20. Bxf4 gxf4 21. Qh5 (21. Nc3 $18) 21... Re6 22. Nc3 Rg6 23. Qh3 (23. f3 $5 Nc4 24. Kh1 $16) 23... Bc5 24. Rad1 {[%emt 0:01:33] Hoping for Nd5.} f3 25. g3 Ng4 $2 (25... Qc6 $1 $14) 26. Nd5 $2 ({Less strong is} 26. Rxd7 Qe8 27. Rd2 (27. Rxa7 Nxf2 28. Qd7 Ne4+ 29. Kh1 Nf2+ 30. Kg1 Ne4+ 31. Kh1 Nf2+ 32. Kg1 $11) 27... Kg7 $16) (26. b4 $1 $18 Bf8 27. Rd4 (27. Rxd7 Qc6 $18)) 26... Qe8 $2 {[%emt 0:00:22][%mdl 8192] [#]} (26... Qc6 $1 $11 {and Black has nothing to worry.}) 27. Nf4 $2 (27. Qxg4 $1 $18 Rxg4 28. Nf6+ Kf8 29. Nxe8 Kxe8 30. b4) 27... Rg5 (27... Qe4 $1 $11 {remains equal.} 28. Nxg6 Bxf2+ 29. Kh1 fxg6) 28. Nd3 $2 (28. b4 $16 {is forced if you want to stay better.} Bxf2+ 29. Rxf2) 28... Bd4 (28... Qe2 $1 $17 {and life is bright.} 29. Nxc5 Nxf2 30. Rxf2 (30. Qxh6 $2 Ne4 $19) 30... Qxd1+ 31. Qf1 Qxf1+ 32. Kxf1 bxc5) 29. Rfe1 Qc8 30. Rc1 {[%emt 0:00:33] Inhibits Qc2.} (30. Rd2 $1 $16) 30... Qa6 $2 {[%emt 0:00:01] [#]} (30... Qb7 $11) 31. Qf1 $1 $36 {[%emt 0:00:06][%mdl 2048] aiming for Re8+. White is in control.} Qb5 {[%emt 0:00:11] [#]} (31... Qb7 $142 32. Re7 Qd5) 32. Re4 $1 Qd5 33. Rce1 Kg7 34. h4 $2 {[%emt 0:00:02] [#]} (34. Rf4 $16 {And now Ree4 would win.} h5 35. b3) 34... Nxf2 $11 {[%emt 0:00:27][%mdl 64] Remove Defender} 35. Nxf2 {[%emt 0:00:05] Really sharp!} Rxg3+ 36. Kh1 {[%emt 0:00:01] Threatens to win with Rd1.} Rg2 $2 {[%emt 0:00:01][%mdl 8192] Weighted Error Value: White=0.64/Black=0.63} (36... f5 $1 $15 37. Rf4 Qd6 38. Rxf5 Bxf2 39. Qxf2 Rg2 40. Re7+ (40. Rg1 $2 Qh2#) (40. Rf7+ Kg8 $17) 40... Qxe7 41. Qd4+ Kh7 42. Rxf3 Rg6) 1-0

[Event "Rosh Hashanah Rapid 2022"]
[Site "Ramat Gan"]
[Date "2022.09.25"]
[Round "4.3"]
[White "Levin, Guy"]
[Black "Parkhov, Yair"]
[Result "1-0"]
[ECO "B23"]
[WhiteElo "2382"]
[BlackElo "2479"]
[Annotator "TA"]
[PlyCount "77"]
[EventDate "2022.09.25"]
[EventType "rapid"]
[EventCountry "ISR"]
[SourceTitle "playchess.com"]
[Source "ChessBase"]
[SourceQuality "1"]
[TimeControl "900+5"]

1. e4 c5 2. Nc3 a6 3. g3 b5 4. Bg2 Bb7 5. d3 e6 6. Be3 {[%emt 0:00:01] B23: Closed Sicilian: Lines without g3.} Nc6 7. f4 Be7 8. Nf3 {[%emt 0:00:58] The position is equal.} d6 9. O-O Nf6 10. h3 b4 11. Ne2 d5 12. e5 Nd7 {[%emt 0:00:02] [#]} 13. d4 $146 (13. c4 $5 ) ({Predecessor:} 13. c3 O-O 14. d4 bxc3 15. bxc3 Rc8 16. Ne1 Na5 17. f5 cxd4 18. Bxd4 exf5 19. Rxf5 {0-1 (25) Suarez Sierralta,J (1885)-Benavides Montenegro,M (2209) Caracas 2019}) 13... Qb6 (13... O-O $142) 14. c3 $11 a5 15. dxc5 (15. Bf2 $11) 15... Bxc5 $15 16. Ned4 O-O (16... Ba6 $5 ) 17. Kh2 Rac8 (17... Ba6 $5 18. Re1 Rab8 $11) 18. Rc1 bxc3 19. Rxc3 Nxd4 (19... Qxb2 $2 20. Rb3 Qxa2 21. Rxb7 Nxd4 22. Nxd4 (22. Bxd4 Bxd4 23. Qxd4 Nc5 $18) 22... Bxd4 23. Qxd4 $18) 20. Nxd4 Ba6 (20... Qxb2 $2 21. Rb3 Bxd4 22. Rxb2 Bxb2 23. Qb3 $18) 21. Rf2 Rc7 (21... g6 $14) 22. Rfc2 Rfc8 23. Qc1 (23. f5 $16 {Strongly threatening fxe6.} Bxd4 24. Bxd4 (24. Qxd4 Qxd4 25. Bxd4 Rxc3 $14) 24... Rxc3 25. Rxc3) 23... Bc4 $11 24. Qd1 Bb4 (24... Bxa2 $5 25. b4 axb4 26. Rxc5 Nxc5 27. Rxa2 b3 $15) 25. Nf5 Qa6 (25... Qb8 $5 26. Nd6 Bxc3 27. Nxc8 Rxc8 28. bxc3 Nc5 $15) 26. Nd6 Rb8 {[%emt 0:00:15] [#]} (26... Bxc3 $11 27. Nxc8 Bb4) 27. Rd3 $2 {[%emt 0:02:58] White has more active pieces.} ({Worse is} 27. Rxc4 dxc4 28. b3 a4 $11) (27. Qc1 $1 $16) 27... Bxd6 $15 28. exd6 Qxd6 (28... Rcb7 $1 $15 29. Rdd2 Bxa2) 29. Rdc3 $11 {[%emt 0:00:02][%cal Oc3c4] And now Rxc4! would win.} d4 $2 (29... Rbc8 $11) 30. Rxc4 $18 {[%emt 0:00:06] White is clearly winning.} Rxc4 31. Rxc4 e5 32. fxe5 Nxe5 33. Rxd4 Qe7 34. Bf4 {[%emt 0:00:06] Threatens to win with Bxe5.} Re8 35. Bxe5 {[%emt 0:00:08][%cal Og2c6] aiming for Bc6!} Qxe5 36. Re4 Qb8 37. Rxe8+ Qxe8 38. Qd5 a4 39. Qa8 {[%emt 0:00:02] Weighted Error Value: White=0.30/Black=0.56} 1-0

[Event "Rosh Hashanah Rapid 2022"]
[Site "Ramat Gan"]
[Date "2022.09.25"]
[Round "4.4"]
[White "Vagman, Roy"]
[Black "Aizenberg, Benny"]
[Result "0-1"]
[ECO "B45"]
[WhiteElo "2287"]
[BlackElo "2412"]
[Annotator "TA"]
[PlyCount "56"]
[EventDate "2022.09.25"]
[EventType "rapid"]
[EventCountry "ISR"]
[SourceTitle "playchess.com"]
[Source "ChessBase"]
[SourceQuality "1"]
[TimeControl "900+5"]

1. e4 c5 2. Nf3 e6 3. d4 cxd4 4. Nxd4 Nf6 5. Nc3 Nc6 6. Nxc6 bxc6 7. e5 Nd5 8. Ne4 Qc7 9. f4 $1 Rb8 {[%emt 0:00:01] B45: Sicilian Four Knights.} (9... Qb6 $11) 10. c4 $1 $16 Bb4+ 11. Ke2 (11. Kf2 $6 f5 12. exf6 (12. cxd5 fxe4 13. d6 Qa5 $11) 12... Nxf6 13. Nxf6+ gxf6 $11) 11... O-O {[%emt 0:00:14][%cal Of7f6] White is better.} 12. a3 Be7 13. cxd5 cxd5 14. Nf2 ({Better is} 14. Nd6 $1 $16) 14... f6 $11 15. exf6 Bxf6 16. Nd3 {[%emt 0:01:09] [#]} (16. Qd2 $11) 16... Ba6 {[%emt 0:00:09] Black is much more active. The white rooks are badly placed.} (16... e5 $1 $17 ) 17. Kf3 {[%emt 0:00:42] [#]} Qc4 $146 {[%emt 0:03:23] White must now prevent ...Rb3.} ({Predecessor:} 17... e5 18. Kg3 Bc4 19. Nb4 exf4+ 20. Kf3 Qe5 21. Bxc4 Qh5+ 22. g4 Qh3+ 23. Ke2 Rfe8+ 24. Kd2 dxc4 {0-1 (24) Coro,L (2340)-Gomez,C (2300) Buenos Aires 2019}) 18. Nc5 {[%emt 0:02:10] Against Rb3+} Qxc5 $19 {[%emt 0:00:26] Dancing on a razor blade.} 19. Bxa6 Bxb2 20. Bxb2 (20. Rb1 Qxa3+ 21. Bd3 Bxc1 22. Rxc1) 20... Rxb2 21. Be2 d4 ({Avoid the trap} 21... h5 $2 22. Rf1 e5 23. g3 exf4 24. gxf4 $19) 22. Kg3 Qc3+ 23. Bf3 Qe3 {[%emt 0:00:02] ( -> ...Rf6)} 24. h4 $2 {[%emt 0:01:04] [#]} (24. Qc1 $19 Rd2 25. h4 Qf2+ 26. Kh2 (26. Kh3 $2 Rxf4 27. Qc8+ Rf8 $19) 26... Qxh4+ 27. Kg1 Qf2+ 28. Kh2 Rxf4 29. Qc8+ Rf8 30. Qxd7 Rxf3 31. Qxe6+ Rf7 32. Qc8+ Rf8 33. Qe6+ Kh8 34. Qg4) 24... Qf2+ $1 {[%emt 0:00:40] Black mates.} ({Worse is} 24... Rd2 25. Qe1 Qxf4+ 26. Kh3 $11) 25. Kg4 h5+ $1 {[%emt 0:00:07][%mdl 64] Deflection} 26. Kxh5 Qg3 27. Bg4 Rb5+ 28. f5 Rbxf5+ {[%emt 0:00:01] Weighted Error Value: White=0.55/Black=0.31} 0-1

[Event "Rosh Hashanah Rapid 2022"]
[Site "Ramat Gan"]
[Date "2022.09.25"]
[Round "4.5"]
[White "Gorodetzky, David"]
[Black "Kaganskiy, Gleb"]
[Result "1-0"]
[ECO "B13"]
[WhiteElo "2495"]
[BlackElo "2225"]
[Annotator "TA"]
[PlyCount "133"]
[EventDate "2022.09.25"]
[EventType "rapid"]
[EventCountry "ISR"]
[SourceTitle "playchess.com"]
[Source "ChessBase"]
[SourceQuality "1"]
[TimeControl "900+5"]

1. Nf3 d5 2. d4 Nf6 3. Bf4 c5 4. e3 Nc6 5. Nbd2 cxd4 6. exd4 Bg4 7. c3 e6 {[%emt 0:00:04] B13: Caro-Kann: Exchange Variation and Panov-Botvinnik Attack.} 8. Qb3 Qc8 9. h3 Bh5 {[%emt 0:00:03] The position is equal.} 10. g4 Bg6 11. Nh4 Be7 12. Nxg6 hxg6 13. Bg2 O-O {[%emt 0:00:53] [#]} 14. g5 $146 (14. Qb5 $11) ({Predecessor:} 14. O-O a6 15. a4 Qd7 16. Nf3 Ne4 17. Ne5 Nxe5 18. dxe5 g5 19. Be3 Bc5 20. c4 dxc4 21. Qxc4 Bxe3 22. Qxe4 {½-½ (100) Moon,B (2324)-Furfine,J (2324) Charlotte 2017}) 14... Nd7 (14... Nh5 $15 15. Be3 Bd6) 15. Nf3 $14 {[%emt 0:02:02] White is more active.} Re8 16. h4 e5 $1 17. dxe5 Nc5 $1 18. Qc2 (18. Qxd5 $2 Rd8 19. Bh3 (19. Qc4 $2 Na5 $19) 19... Rxd5 $19) (18. Qb5 $14) 18... Qg4 $11 19. Bg3 Ne4 $1 {[%emt 0:00:47][%mdl 1024] Black has compensation. Pair of Knights!} 20. Rh3 (20. O-O $11) 20... Rac8 21. Kf1 Qf5 $36 {[%emt 0:01:52][%mdl 2048] Black is pushing.} 22. Qe2 Bd6 (22... Bc5 $15) 23. Re1 (23. Nd2 $11 {remains equal.} Nxg3+ 24. Rxg3 Bxe5 25. Bh3 Bxg3 26. Bxf5 Rxe2 27. Kxe2 Re8+ 28. Kf1) 23... Nxe5 (23... Bxe5 24. Bxe5 Nxe5 25. Nxe5 Rxe5 26. Kg1 $11) (23... Bc5 $17) 24. Nd4 $2 {[%emt 0:01:36][%mdl 8192] [#]} (24. Bxe5 $11 {and White is okay.} Bxe5 25. Nxe5 Rxe5 26. Kg1) 24... Qd7 $2 (24... Nf3 $1 $19 25. Nxf5 (25. Bxf3 Qxh3+) 25... Ned2+ 26. Qxd2 Nxd2+ 27. Kg1 Rxe1+ 28. Kh2 Bxg3+ 29. Nxg3 Rb1) 25. Bxe5 Bxe5 26. Qb5 $2 (26. Re3 $15) 26... Qg4 $2 (26... Nd2+ $19 27. Kg1 Bh2+ $1 28. Kxh2 Qc7+ 29. Rg3 Rxe1) 27. Qxd5 $2 (27. Nc2 $11 {and White stays safe.}) 27... Nd2+ $19 28. Kg1 {[%emt 0:00:02] [#]} Bh2+ {[%emt 0:00:10][%mdl 576] Discovered Attack} 29. Kxh2 Rxe1 30. Qxb7 $2 (30. Qd6 Nf1+ 31. Bxf1 Rxf1 32. Qg3) 30... Rce8 31. Qc7 Nf1+ 32. Bxf1 Rxf1 33. Qg3 {[%emt 0:00:08] Inhibits Qg1+.} Qd1 34. Qf3 {[%emt 0:00:05] Against Rh1+} Qe1 35. Kg2 (35. Kg3 $142 Qd2 36. Rh1 Rxh1 37. Qxh1) 35... Rg1+ $2 (35... Re4 36. Nc2 Rg4+ $3 37. Rg3 Rg1+ 38. Kh3 R4xg3+ 39. fxg3 Rh1+ 40. Kg4 Qe6+ 41. Kf4 Rf1 $3 ) 36. Kh2 Rf1 $2 (36... Qb1 37. a4 Ree1) 37. Kg2 Re4 38. Nc2 {[%emt 0:00:12] [#]} Rg4+ $3 39. Rg3 Rg1+ 40. Kh3 R4xg3+ 41. fxg3 {[%emt 0:00:01][%mdl 4096] Endgame KQR-KQN} Rh1+ 42. Kg4 Qe6+ 43. Kf4 {[%emt 0:00:00] [#]} Qd6+ (43... Rf1 $142 $3 44. Nd4 Rxf3+ 45. Kxf3 Qxa2) 44. Ke3 (44. Ke4 $142 Qe6+ 45. Kd3) 44... Qb6+ $2 (44... Rd1 {( -> ...Qd3+)} 45. Qe2 Qxg3+ 46. Qf3 Rd3+ $3 47. Kxd3 Qxf3+ 48. Kc4 Qf2) 45. Kd3 (45. Nd4 {was the only chance.} Rc1 46. Qf2) 45... Rb1 46. b3 Rb2 47. Nd4 Rxa2 48. Qa8+ Kh7 49. Qf3 Qa6+ 50. c4 (50. Ke3 {was forced.}) 50... Qa5 {[%emt 0:00:09] Threatens to win with ...Rd2+.} 51. Qxf7 Qd2+ (51... Rd2+ $142 52. Ke4 Qc3) 52. Ke4 Qe1+ $1 53. Kd5 Ra5+ $2 (53... Qxg3 $19 54. Qe7 Qg2+ 55. Qe4 Ra5+ 56. Nb5 Qg3) 54. c5 $11 Qc3 55. Qe7 {[%emt 0:00:13][%cal Oh4h5] Hoping for h5!} (55. Ne6 $5 Qd3+ 56. Kc6 Qa6+ 57. Kc7 Rxc5+ 58. Nxc5 Qb6+ 59. Kd7 Qxc5 60. Qf3 $14) 55... Qxg3 56. Qe4 (56. b4 $11 {keeps the balance.} Ra6 57. b5 (57. Qe2 Ra1 $15) 57... Qg2+ 58. Ke5 (58. Qe4 Qa2+ 59. Ke5 Ra4 $11) 58... Qh2+ 59. Kd5 Qg2+ 60. Qe4 Qa2+ 61. Ke5) 56... Qh3 $2 {[%emt 0:00:11][%mdl 8192] [#]} ({Much worse is} 56... Qc7 $6 57. b4 Ra1 58. h5 Qd8+ 59. Kc4 Rc1+ 60. Kb5 Qxg5 61. hxg6+ Qxg6 62. Qh4+ Kg8 63. Qd8+ Kh7 64. Qh4+ Kg8 65. Qd8+ Kh7 66. Qh4+ $11) (56... Ra1 $1 $17 {[%cal Ra1e1] White must now prevent ...Re1.} 57. h5 Qxg5+ 58. Kc6 Qxh5) 57. Kd6 $2 ({Stronger than} 57. b4 Ra1 $11) (57. Ne6 $1 $18) 57... Qh2+ 58. Kd5 $1 Qh3 {[%emt 0:00:01] [#]} (58... Ra1 $11) 59. b4 ({White must play} 59. Ne6 $1 $16) 59... Qd7+ 60. Kc4 Ra1 61. h5 {[%emt 0:00:04] The board is on fire.} Rc1+ 62. Kb3 (62. Nc2 $11 Qf7+ 63. Kc3) 62... Qf7+ $2 (62... Qh3+ $17 {and life is bright.} 63. Ka4 Qxh5) 63. Ne6 {[%emt 0:00:04] White threatens hxg6+ and mate.} Rf1 $2 (63... Kg8) 64. c6 $18 {[%emt 0:00:11] c7 is the strong threat.} Rf4 65. hxg6+ {[%emt 0:00:04] White mates.} Qxg6 66. Qxg6+ Kxg6 67. Nxf4+ {[%emt 0:00:01] White used his chance.  Weighted Error Value: White=0.80/Black=0.82} 1-0

[Event "Rosh Hashanah Rapid 2022"]
[Site "Ramat Gan"]
[Date "2022.09.25"]
[Round "4.6"]
[White "Uritsky, Yonathan"]
[Black "Dvoirys, Semen I."]
[Result "0-1"]
[ECO "B46"]
[WhiteElo "2236"]
[BlackElo "2461"]
[Annotator "TA"]
[PlyCount "90"]
[EventDate "2022.09.25"]
[EventType "rapid"]
[EventCountry "ISR"]
[SourceTitle "playchess.com"]
[Source "ChessBase"]
[SourceQuality "1"]
[TimeControl "900+5"]

1. e4 c5 2. Nf3 Nc6 3. d4 cxd4 4. Nxd4 e6 5. Nc3 a6 6. g3 Nf6 7. Bg2 {[%emt 0:00:02] B46: Sicilian: Taimanov: 5 Nc3 a6.} d6 8. Nxc6 bxc6 9. e5 {[%emt 0:00:01] White is slightly better.} Nd5 10. Nxd5 (10. exd6 $16 {Threatens to win with Ne4.} Rb8 11. O-O (11. Nxd5 cxd5 12. c4 Bxd6 $14)) 10... cxd5 (10... exd5 {feels hotter.} 11. c4 dxe5 12. cxd5 cxd5 13. Qxd5 Bb4+) 11. exd6 Bxd6 12. O-O {[%emt 0:00:02] [#]} Qc7 $146 ({Predecessor:} 12... Rb8 13. c4 Be5 14. cxd5 O-O 15. Qe2 Qf6 16. Rb1 exd5 17. Bxd5 Bf5 18. Be4 Rfe8 19. Bxf5 Qxf5 20. Be3 Qe6 21. b3 Bd4 22. Qc4 {½-½ (22) Steinbrecher,M (1394)-Schroeter,R (1535) Mecklenburg VP 2014}) 13. Qe2 Bb7 14. Rd1 O-O 15. c4 $1 Rfe8 16. cxd5 exd5 17. Qd3 Bc5 18. b3 ({Inferior is} 18. Bxd5 Rad8 19. Bf4 Qa5 20. Bxf7+ Kxf7 21. Qb3+ {[#]} Bd5 $1 22. Rxd5 Bxf2+ $1 23. Kxf2 Qxd5 24. Qxd5+ Rxd5 $17) 18... Qb6 19. Qd2 Rac8 20. Bb2 {[%emt 0:00:01] [#]} ({White should play} 20. Rb1 $11) 20... Bxf2+ $1 $15 21. Qxf2 Qxf2+ {[%emt 0:00:02][%mdl 64] Remove Defender} 22. Kxf2 Rc2+ 23. Kg1 {[%emt 0:00:03] And now Re1 would win.} Rxb2 24. Bxd5 $2 {[%emt 0:00:10] Loses the game.} (24. Rdc1 $15) 24... Bxd5 $19 25. Rxd5 $15 {[%emt 0:00:02][%mdl 4096] Endgame KRR-KRR} g6 26. Ra5 (26. Rd3 $142) 26... Ree2 $19 27. h4 Rg2+ 28. Kh1 Rh2+ 29. Kg1 Rbg2+ 30. Kf1 Rxg3 {[%emt 0:00:02] ...Rg4 is the strong threat.} 31. Re1 $2 (31. Rxa6 Rxh4 32. Kf2) 31... Rf3+ 32. Kg1 Rxh4 33. Kg2 Rf6 34. Re8+ Kg7 35. Ra8 $2 (35. Re2) 35... Rg4+ 36. Kh3 h5 37. R8xa6 Rf3+ 38. Kh2 Rf2+ 39. Kh3 f5 40. Rc5 Kh6 (40... f4 $142 41. Rc3 Rg1 42. Rc7+ Kh6 43. Rxg6+ Kxg6 44. Rc6+ Kf5 45. Rc5+ Ke6 46. Rc6+ Kd7 47. Rc1 Rg3+ 48. Kh4 Rh2#) 41. Ra4 Rxa4 (41... f4 $142 42. Rxf4 Rgxf4 43. Rc3 h4 44. Rc5 g5 45. Rc6+ Kh5 46. Rh6+ Kxh6 47. a4 R4f3+ 48. Kg4 Rg3#) 42. bxa4 {[%emt 0:00:01] Black is clearly winning.} Rxa2 43. a5 Ra3+ 44. Kg2 Kg5 45. Rb5 Kg4 {[%emt 0:00:04] Weighted Error Value: White=0.94/Black=0.34} 0-1

[Event "Rosh Hashanah Rapid 2022"]
[Site "Ramat Gan"]
[Date "2022.09.25"]
[Round "4.7"]
[White "Sokolovsky, Yahli"]
[Black "Ehrlich, Roy"]
[Result "1-0"]
[ECO "C07"]
[WhiteElo "2419"]
[BlackElo "2202"]
[Annotator "TA"]
[PlyCount "129"]
[EventDate "2022.09.25"]
[EventType "rapid"]
[EventCountry "ISR"]
[SourceTitle "playchess.com"]
[Source "ChessBase"]
[SourceQuality "1"]
[TimeControl "900+5"]

1. e4 e6 2. d4 d5 3. Nd2 c5 4. Ngf3 cxd4 5. Nxd4 Nf6 6. exd5 Qxd5 7. N2f3 Bc5 {[%emt 0:00:05] C07: French Tarrasch: 3...c5, 4 Ngf3 and 4 exd5 Qxd5.} 8. Be2 O-O 9. O-O Rd8 {[%emt 0:00:12][%cal Rc5d4] The position is equal.} 10. Nb3 Qxd1 {[%emt 0:00:19] [#]} 11. Bxd1 $146 ({Predecessor:} 11. Rxd1 Rxd1+ 12. Bxd1 Bb6 13. Bf4 Nc6 14. Ne5 Nxe5 15. Bxe5 Ne4 16. Bd4 Bxd4 17. Nxd4 e5 18. Nb3 {½-½ (53) Podhorsky,M (2005)-Mrazik,V (1915) Slovakia 2007}) 11... Be7 12. Bf4 b6 13. Nbd4 Bb7 14. c3 Nbd7 15. Be2 Nd5 16. Bg3 Nc5 17. Ne5 Rac8 18. Bb5 a6 19. Bc6 Bf6 20. Bxb7 Nxb7 21. Rad1 (21. Nec6 $15 Re8 22. Rfe1) 21... Nc5 22. Rfe1 Na4 23. Rd2 Bg5 24. Rc2 Ne7 {[%emt 0:00:00] [#]} (24... Re8 {feels stronger.}) 25. Rce2 (25. Nxf7 $1 $11 Kxf7 26. Nxe6) 25... h5 (25... Bf6 $15) 26. f4 (26. Nxf7 {looks sharper.} Kxf7 27. Nxe6 Bf6 28. Nxd8+ Rxd8 29. Be5) 26... Bf6 27. Bf2 Nc5 28. Ndf3 b5 29. g3 Nd3 30. Nxd3 Rxd3 31. Re3 Rcd8 32. Kf1 b4 33. Rxd3 Rxd3 34. Ke2 Rd7 35. cxb4 Bxb2 36. Rd1 Nd5 {[%emt 0:00:00] White must now prevent ...Nc3+.} 37. Be1 Rb7 38. Rb1 Ba3 {[%emt 0:00:00] [#]} (38... Bc3 $11) 39. Rb3 $1 $16 Bc1 (39... Bxb4 $2 40. a3 $18) 40. a4 Rc7 41. b5 axb5 42. axb5 {[%emt 0:00:02] aiming for b6.} Rc2+ $2 {[%emt 0:00:19] A mistake that costs the game.} (42... Be3 $16 {was necessary.}) 43. Kd3 $18 Rb2 44. Rxb2 Bxb2 {[%emt 0:00:01][%mdl 4096] Endgame KBN-KBN} 45. Bf2 Ba3 46. b6 Bd6 47. b7 Kf8 {[%emt 0:00:10] [#]} (47... Nb4+ $142 48. Kc4 Nc6) 48. Kc4 (48. Bc5 $142 $1 Bxc5 49. b8=Q+ Ke7 50. Qb7+ Kf6 51. Qb2+ Ke7 52. Qxg7) 48... Bb8 49. Ne5 {[%emt 0:00:03] Strongly threatening Nd7+.} Ke8 {[%emt 0:00:21] Inhibits Nd7.} 50. Nc6 Bc7 51. b8=Q+ Bxb8 52. Nxb8 Ne7 53. Na6 f6 54. Nc5 Kf7 55. Nd3 g5 (55... Kg6 $142 56. Bc5 Nd5) 56. Be3 h4 $2 (56... gxf4 {is more resistant.} 57. Nxf4 Nf5) 57. fxg5 {[%emt 0:00:16] White is clearly winning.} hxg3 58. hxg3 {[%emt 0:00:00] Threatens to win with gxf6.} Nf5 59. Bf2 {[%emt 0:00:08] Hoping for gxf6.} fxg5 60. Ne5+ Kf6 61. Ng4+ Ke7 62. Kd3 Kd6 63. Ke4 Ne7 64. Ne5 Nf5 65. Nf7+ {[%emt 0:00:01] Weighted Error Value: White=0.23 (precise) /Black=0.29 (precise)} 1-0